 Dungeon Crawl Stone Soup version 0.30-a0-159-g068b764562 (webtiles) character file.

Game seed: 2626981242419660715

11 blackman the Charlatan (level 2, -4/21 HPs)
             Began as a Human Wanderer on Sept 27, 2022.
             Killed by a splash of acid (22 damage)
             ... invoked by the fury of Makhleb
             ... on level 2 of the Dungeon.
             The game lasted 00:02:35 (1064 turns).

blackman the Charlatan (Human Wanderer)             Turns: 1064, Time: 00:02:35

Health: -4/21      AC:  6    Str: 14    XL:     2   Next: 40%
Magic:  5/5        EV:  8    Int: 14    God:
Gold:   73         SH:  0    Dex: 14    Spells: 4/5 levels left

rFire   . . .      SeeInvis .    a - +0 dagger
rCold   . . .      Faith    .    (no shield)
rNeg    . . .      Spirit   .    h - +0 scale mail
rPois   .          Reflect  .    (no helmet)
rElec   .          Harm     .    (no cloak)
rCorr   .          Rampage  .    (no gloves)
Will    .....                    (no boots)
Stlth   ..........               (no amulet)
HPRegen 0.07/turn                f - +6 ring of strength
MPRegen 0.09/turn                (no ring)

@: no status effects
A: no striking features
a: no special abilities


You were on level 2 of the Dungeon.
You visited 1 branch of the dungeon, and saw 2 of its levels.

You collected 73 gold pieces.

Inventory:

Hand Weapons
 a - a +0 dagger (weapon)
Missiles
 i - 5 javelins
 l - 8 poisoned darts
Armour
 d - a +0 robe
 h - a +0 scale mail (worn)
Jewellery
 f - a +6 ring of strength (left hand)
Wands
 e - a wand of flame (16)
Scrolls
 c - a scroll of fear
 g - a scroll of poison {unknown}
 p - a scroll of summoning {unknown}
Potions
 b - a potion of curing
 j - a potion of cancellation {unknown}
 k - a potion of brilliance {unknown}
 m - a potion of invisibility {unknown}
 n - a potion of flight {unknown}
 o - a potion of lignification {unknown}
 q - a potion of resistance {unknown}


   Skills:
 - Level 1.0 Fighting
 - Level 1.0 Throwing
 - Level 2.0 Spellcasting
 * Level 2.2 Hexes
 - Level 5.0 Evocations


You had 4 spell levels left.
You knew the following spells:

 Your Spells              Type           Power      Damage    Failure   Level
a - Slow                  Hex            28%        N/A       38%         1

Your spell library contained the following spells:

 Spells                   Type           Power      Damage    Failure   Level
 Inner Flame              Hex/Fire       4%         N/A       90%         3


Dungeon Overview and Level Annotations

Branches:
Dungeon (2/15)

Altars:
Makhleb


Message History

You open the door.
Found a stone staircase leading down and a stone staircase leading up.
There is an open door here.
Key pressed, stopping explore.
Found a leather armour.
p - a scroll labelled OPYMAHUACHA You open the door.
There is an open door here.
You open the door.
Key pressed, stopping explore.
You see here a +0 leather armour.
q - a lumpy coppery potion You now have 73 gold pieces (gained 11).
Key pressed, stopping explore.
Key pressed, stopping explore.
There is an open door here.
As you open the door, it creaks loudly!
You hear a shout!
A hobgoblin comes into view.
There is an open door here.
A hobgoblin is nearby!
The hobgoblin hits you.
You hit the hobgoblin.
The hobgoblin is lightly wounded.
The hobgoblin hits you.
You hit the hobgoblin.
The hobgoblin is moderately wounded.
The hobgoblin hits you.
You hit the hobgoblin but do no damage.
The hobgoblin is moderately wounded.
The hobgoblin barely misses you.
You hit the hobgoblin.
The hobgoblin is almost dead.
The hobgoblin hits you.
You hit the hobgoblin.
You kill the hobgoblin!
No target in view!
Makhleb rains destruction down upon you!
The splash of acid hits you!!
Ouch! That really hurt!
You die...

#.......#.########
#.#####...##### #
#.# ##......####
#.#.######......'...
#.#....[........####
#.#######.......#
##+#.........#'#####
#........#####.#
#.....@..'.....#
#........#######
#........#
#........#
#........#
#........#
##########


You could see the fury of Makhleb (unaware).

Vanquished Creatures
  2 ball pythons (D:1)
  An endoplasm (D:1)
  A hobgoblin (D:2)
  3 kobolds (D:1)
  A frilled lizard (D:1)
  4 rats (D:1)
12 creatures vanquished.

Notes
Turn   | Place    | Note
-------+----------+-------------------------------------------
     0 | D:1      | blackman the Human Wanderer began the quest for the Orb.
     0 | D:1      | blackman set off with the following items: a +0 dagger, a
                  | potion of curing, a scroll of fear, a +0 robe, a wand of
                  | flame (16); and the following spell memorised: Slow; and
                  | the following spells available to memorise: Inner Flame.
     0 | D:1      | Reached XP level 1. HP: 15/15 MP: 3/3
   325 | D:1      | Reached XP level 2. HP: 18/21 MP: 3/5
   570 | D:1      | Found a faded altar of an unknown god.
   590 | D:1      | Prayed at the altar of an unknown god.
   590 | D:1      | Became a worshipper of Makhleb the Destroyer
   590 | D:1      | Reached * piety under Makhleb
   715 | D:1      | Fell from the grace of Makhleb
  1064 | D:2      | Killed by a splash of acid

Illustrated notes

Levels and vault maps discovered:
D:1:      ebering_trefoil_twist, layout_loops_ring,
          hellmonk_ecumenical_altar_inner_sanctum
D:2:      layout_basic, basic_altar, serial_bayou_lagoon_a

Skill      XL: |  1  2 |
---------------+-------+-----
Hexes          | 2 |  2.2
Fighting       | |  1.0
Throwing       | |  1.0
Spellcasting   | |  2.0
Evocations     | |  5.0

Action                   || total
-------------------------++-------
Melee: Dagger            ||    40
 Cast: Slow              ||     2
Invok: Renounce Religion ||     1
Armor: Scale mail        ||    13
       Robe              ||     1
Dodge: Dodged            ||    20

Table legend: (Time is in decaauts)
 A = Elapsed time spent in this place.
 B = Non-inter-level travel time spent in this place.
 C = Inter-level travel time spent in this place.
 D = Time resting spent in this place.
 E = Time spent auto-exploring this place.
 F = Levels seen in this place.
 G = Mean time per level.
                   A        B        C        D        E       F      G
               +--------+--------+--------+--------+--------+-----+--------+
         Total |   1065 |    975 |     90 |      0 |    836 |   2 |  532.5 |
       Dungeon |   1065 |    975 |     90 |      0 |    836 |   2 |  532.5 |
               +--------+--------+--------+--------+--------+-----+--------+

Top non-repeatable levels by time:
     D:1: 967 daAuts
     D:2: 97 daAuts
